 Dungeon Crawl Stone Soup version 0.32-a0-43-g058985b245 (webtiles) character file.

Game seed: 2460557472727987952

10 cforsyth the Magician (level 2, 0/24 HPs)
             Began as a Djinni Warper on Feb 4, 2024.
             Slain by a kobold
             ... wielding a +2 whip of venom
              (4 damage)
             ... on level 1 of the Dungeon.
             The game lasted 00:00:42 (361 turns).

cforsyth the Magician (Djinni Warper)                Turns: 361, Time: 00:00:42

Health: 0/24       AC:  3    Str: 10    XL:     2   Next: 30%
Gold:   34         EV: 11    Int: 14    God:
                   SH:  0    Dex: 12

rFire   + + .        a - +0 falchion
rCold   x . .        (no shield)
rNeg    . . .        b - +0 leather armour
rPois   ∞            (no helmet)
rElec   .            (no cloak)
rCorr   .            (no gloves)
SInv    .            (boots unavailable)
Will    .....        (no amulet)
Stlth   +            (no ring)
HPRegen 0.24/turn    (no ring)
MPRegen 0.00/turn

%: infuse magic (-1 HP)
@: flying
A: sickness immunity, fire resistance 2, cold vulnerability 1, float, innate
caster, HP casting, extra vitality 1
a: no special abilities


You were on level 1 of the Dungeon.
You visited 1 branch of the dungeon, and saw 1 of its levels.

You collected 34 gold pieces.

Inventory:

Hand Weapons
 a - a +0 falchion (weapon)
Missiles
 d - 7 darts of dispersal (quivered)
Armour
 b - a +0 leather armour (worn)
Scrolls
 c - a scroll of blinking
 g - a scroll of immolation {unknown}
 h - a scroll of teleportation {unknown}
Potions
 e - a potion of cancellation {unknown}
 f - a potion of brilliance {unknown}


   Skills:
 + Level 2.4 Fighting
 - Level 1.7 Long Blades
 - Level 0.7 Throwing
 - Level 1.0 Armour
 - Level 2.1 Dodging
 + Level 3.1 Spellcasting
 + Level 3.1 Conjurations
 + Level 3.1 Hexes
 + Level 3.1 Summonings
 + Level 3.1 Necromancy
 + Level 3.1 Translocations
 + Level 3.1 Fire Magic
 + Level 3.1 Ice Magic
 + Level 3.1 Air Magic
 + Level 3.1 Earth Magic
 + Level 3.1 Alchemy


You knew the following spells:

 Your Spells              Type           Power      Damage    Failure   Level
a - Blink                 Tloc           20%        N/A       12%         2
b - Lesser Beckoning      Tloc           20%        N/A       12%         2
c - Teleport Other        Tloc           10%        N/A       24%         3
d - Manifold Assault      Tloc           10%        N/A       63%         4
e - Vhi's Electric Charg  Tloc/Air       20%        N/A       63%         4
Your spell library was empty.

Dungeon Overview and Level Annotations

Branches:
Dungeon (1/15)

Altars:


Innate Abilities, Weirdness & Mutations

You are immune to sickness and miasma.
You are immune to poison.
Your flesh is very heat resistant. (rF++)
You are vulnerable to cold. (rC-)
You float through the air rather than walking.
You learn spells naturally, not from books.
Your magical power is your life essence.
You have superior vitality. (+4 MHP)


Message History

You closely miss the kobold.
The kobold hits you with a +2 whip of venom.
The kobold barely misses you.
You hit the kobold but do no damage. The kobold barely misses you.
You hit the kobold but do no damage.
The kobold hits you with a +2 whip of venom.
You closely miss the kobold. The kobold hits you but does no damage.
You closely miss the kobold. The kobold misses you.
The kobold closely misses you.
You barely miss the kobold. The kobold barely misses you.
You hit the kobold.
The kobold is moderately wounded.
The kobold misses you.
You closely miss the kobold.
The kobold is moderately wounded.
The kobold hits you with a +2 whip of venom.
You hit the kobold but do no damage.
The kobold is moderately wounded.
The kobold hits you with a +2 whip of venom.
You hit the kobold but do no damage.
The kobold is moderately wounded.
The kobold hits you with a +2 whip of venom. x2
* * * LOW HITPOINT WARNING * * *
You hit the kobold but do no damage.
The kobold is moderately wounded.
The kobold hits you but does no damage.
You hit the kobold but do no damage.
The kobold is moderately wounded.
The kobold barely misses you.
You closely miss the kobold.
The kobold is moderately wounded.
The kobold hits you with a +2 whip of venom.
* * * LOW HITPOINT WARNING * * *
You barely miss the kobold.
The kobold is moderately wounded.
The kobold hits you with a +2 whip of venom.
* * * LOW HITPOINT WARNING * * *
The kobold attacks as it pursues you!
The kobold hits you with a +2 whip of venom.
You die...

##............... #.#
######+####
############# #.# ##...#
#.##........###.# ##...#
#.#####.###.....#
##...####### #.#####.#
####### ............
#.##....#
##...###########.##.####
.###.#.........#K##.# .#
#...#####.8.#@##.# .#
###.#S≈≈#...#.##.# .#
#.#≈≈≈#.#.#.##.# .#
#.#≈≈≈#.#.#.##.#
#.#####.#.#.##.#########
#.......#<#.##.........#
#.#####.#.#.##########.#
#.#≈≈≈#.#.#._........#.#
.#≈S≈#.#.##########.#.#


You could see a kobold.

Vanquished Creatures
  A goblin (D:1)
  2 jackals (D:1)
  A kobold (D:1)
  3 bats (D:1)
  A frilled lizard (D:1)
  2 rats (D:1)
10 creatures vanquished.

Notes
Turn   | Place    | Note
-------+----------+-------------------------------------------
     0 | D:1      | cforsyth the Djinni Warper began the quest for the Orb.
     0 | D:1      | cforsyth set off with the following spells memorised:
                  | Blink, Lesser Beckoning, Teleport Other, Manifold Assault,
                  | Vhi's Electric Charge.
     0 | D:1      | Reached XP level 1. HP: 18/18 MP: 0/0
     3 | D:1      | Noticed an electric eel
     4 | D:1      | Noticed an electric eel
   162 | D:1      | Reached XP level 2. HP: 15/23 MP: 0/0
   329 | D:1      | Found a faded altar of an unknown god.
   361 | D:1      | Slain by a kobold

Illustrated notes

Levels and vault maps discovered:
D:1:      arrival_aquarium_b, layout_basic, basic_ecumenical_altar,
          chequers_serial_rivers_large_a

Skill      XL: |  1 |
---------------+----+-----
Spellcasting   | 3 |  3.1
Conjurations   | 3 |  3.1
Hexes          | 3 |  3.1
Summonings     | 3 |  3.1
Necromancy     | 3 |  3.1
Translocations | 3 |  3.1
Fire Magic     | 3 |  3.1
Ice Magic      | 3 |  3.1
Air Magic      | 3 |  3.1
Earth Magic    | 3 |  3.1
Alchemy        | 3 |  3.1
Fighting       | |  2.4
Long Blades    | |  1.7
Throwing       | |  0.7
Armour         | |  1.0
Dodging        | |  2.1

Action                     || total
---------------------------++-------
  Melee: Falchion          ||    75
 Armour: Leather armour    ||    56
  Dodge: Dodged            ||    65

Table legend: (Time is in decaauts)
 A = Elapsed time spent in this place.
 B = Non-inter-level travel time spent in this place.
 C = Inter-level travel time spent in this place.
 D = Time resting spent in this place.
 E = Time spent auto-exploring this place.
 F = Levels seen in this place.
 G = Mean time per level.
                   A        B        C        D        E       F      G
               +--------+--------+--------+--------+--------+-----+--------+
         Total |    376 |    376 |      0 |      0 |    247 |   1 |  376.0 |
       Dungeon |    376 |    376 |      0 |      0 |    247 |   1 |  376.0 |
               +--------+--------+--------+--------+--------+-----+--------+

Top non-repeatable levels by time:
     D:1: 376 daAuts
